 Dungeon Crawl Stone Soup version 0.30.0-20-g3615ddf2f0 (webtiles) character file.

Game seed: 14149693315131806788

29218 qw the Cleaver (level 13, -3/82 HPs)
             Began as a Gargoyle Fighter on June 1, 2023.
             Was a High Priest of Okawaru.
             Slain by a wraith (8 damage)
             ... led by Josephine
             ... on level 4 of the Lair of Beasts.
             The game lasted 00:06:41 (13906 turns).

qw the Cleaver (Gargoyle Fighter)                  Turns: 13906, Time: 00:06:41

Health: -3/82      AC: 36    Str: 24    XL:     13   Next: 43%
Magic:  20/20      EV: 14    Int: 10    God:    Okawaru [*****.]
Gold:   617        SH: 12    Dex:  9    Spells: 12/12 levels left

rFire   . . .        Y - +5 war axe (heavy)
rCold   + . .        k - +0 kite shield
rNeg    + . .        j - +0 plate armour
rPois   inf          (no helmet)
rElec   +            s - +0 cloak
rCorr   .            (no gloves)
SInv    .            m - +3 pair of mountain boots {steadfast, rC+}
Will    .....        (no amulet) Stlth
                     c - +4 ring of protection
HPRegen 0.33/turn    x - +5 ring of evasion
MPRegen 0.17/turn

%: no passive effects
@: about to teleport, heroic, slowed, very slow
A: sickness immunity, AC +9, negative energy resistance 1, electricity
resistance, torment resistance 1, petrification resistance
a: Renounce Religion, Heroism, Finesse, Duel


You were on level 4 of the Lair of Beasts.
You worshipped Okawaru.
Okawaru was extremely pleased with you.
You visited 2 branches of the dungeon, and saw 14 of its levels.

You collected 935 gold pieces.
You spent 318 gold pieces at shops.


Innate Abilities, Weirdness & Mutations

You are immune to sickness and miasma.
Your stone body is resilient. (AC +9)
You are immune to poison.
You resist negative energy. (rN+)
You are resistant to electric shocks. (rElec)
You are resistant to unholy torment.
You are immune to petrification.


   Skills:
 - Level 10.0(15.0) Fighting
 + Level 12.9(17.9) Axes
 - Level 3.0(8.0) Throwing
 - Level 9.0(14.0) Armour
 - Level 2.1(7.1) Dodging
 - Level 10.8(15.8) Shields
 - Level 10.0 Invocations


You had 12 spell levels left.
You didn't know any spells.
Your spell library was empty.

Inventory:

Hand Weapons
 p - a +0 morningstar
 Y - a +5 heavy war axe (weapon)
Missiles
 e - 10 boomerangs
 r - 2 javelins (quivered)
Armour
 j - a +0 plate armour (worn)
 k - a +0 kite shield (worn)
 l - the +3 hat of Pondering {ponderous, Will+ MP+10 Int+5}
   (You took it off Gastronok on level 3 of the Lair of Beasts)

   Int:       It affects your intelligence (+5).
   MP:        It affects your magic capacity (+10).
   Will:      It increases your willpower.
 m - the +3 pair of mountain boots (worn) {steadfast, rC+}
   (You acquired it on level 5 of the Dungeon)

   Steadfast: It prevents involuntary movement, except for blinking,
   teleportation, or banishment.
   rC:        It protects you from cold.
 s - a +0 cloak (worn)
Jewellery
 c - a +4 ring of protection (left hand)
 n - a ring of ice
 q - a ring of protection from fire
 u - a ring of resist corrosion
 x - a +5 ring of evasion (right hand)
Scrolls
 b - a scroll of teleportation
 h - 7 scrolls of identify
Potions
 a - 3 potions of mutation
 d - 4 potions of might
 f - a potion of resistance
 g - 6 potions of lignification
 i - 3 potions of attraction
 o - 3 potions of curing
 v - a potion of cancellation
 w - a potion of haste

Dungeon Overview and Level Annotations

Branches:
Dungeon (10/15)            Temple (0/1) D:7            Lair (4/5) D:10
 Shoals (0/4) Lair:3       Spider (0/4) Lair:3
  Slime: Lair:4-5       Orc: D:9-12

Altars:
Ashenzari
Fedhas
Okawaru
Ru
Sif Muna
Trog
Wu Jian
Yredelemnul
Zin

Shops:
D:6 [!=[!   D:7 ?

Annotations:
D:6 2 runed translucent doors, qw's ghost, novice GrFi
Lair:4 Josephine; Nessos


Message History

Nessos blinks!
The komodo dragon bites you but does no damage.
Nessos intently looks at you, slowly moving their tail.
You slice the komodo dragon!!
The komodo dragon is severely wounded.
The komodo dragon completely misses you.
You slice the komodo dragon!!
You kill the komodo dragon!
Okawaru accepts your kill.
You can now enter into single combat with a foe.
Okawaru will now gift you equipment as you gain piety.
Nessos casts a spell.
Nessos blinks!
Nessos shoots an arrow.
The arrow hits you but does no damage.
Your surroundings suddenly seem different.
Josephine, 3 wraiths and a death yak come into view.
Found a quarterstaff.
Josephine shouts!
The death yak bellows!
You block the wraith's attack.
Enter note:
Enter note:
Enter note:
Enter note:
13905 ||| READING 2 scrolls of teleportation.
As you read the scroll of teleportation, it crumbles to dust.
You feel strangely unstable. The wraith barely misses you.
A torpor snail comes into view.
Being near the torpor snail leaves you feeling lethargic.
You slice Josephine!!
Josephine is heavily wounded.
You hit the wraith. You hit the wraith but do no damage. You slash the wraith!
The wraith hits you but does no damage. You block the wraith's attack. x2
Josephine says, "I'll make a rug of your skin."
You block Josephine's attack.
Josephine grins evilly.
Josephine hits you but does no damage. The wraith hits you.
The wraith drains your vigour!
You feel as though you will be slow longer.
The wraith hits you!
You die...

.........<...#
..............#
...............# ##
....)..........##.#
.......P..........#
.........##
.#........####
#...........P##
#.....W@......#
####..@WW....#.
##...Y......
###........
##......) .......
....w.. ##.....


You could see a death yak, Josephine, a torpor snail and 3 wraiths.

Vanquished Creatures
  Gastronok (Lair:3)
  3 hydras
  2 two-headed ogres (D:9)
  Urug (Lair:4)
  A fire crab (Lair:4)
  A skyshark (Lair:2)
  A merfolk siren (Lair:3)
  A black mamba (Lair:2)
  4 elephants (Lair:3)
  6 cane toads
  8 komodo dragons
  A rime drake (Lair:4)
  3 trolls (D:10)
  3 blink frogs (Lair:3)
  A hornet (D:7)
  Prince Ribbit (D:5)
  A vampire (D:10)
  A shadow (D:9)
  3 wyverns
  A wraith (D:10)
  52 yaks
  A steam dragon (D:6)
  3 basilisks
  2 acid dragons
  6 water moccasins
  4 orc warriors
  A swamp drake (D:10)
  2 ice beasts
  A sky beast (D:7)
  3 ogres
  3 black bears
  16 wolves
  2 centaurs
  A phantom (D:7)
  3 kobold brigands
  Blork the orc (D:5)
  A gnoll sergeant (D:7)
  8 bullfrogs
  5 scorpions
  3 wights (D:9)
  20 killer bees
  3 howler monkeys
  9 hounds
  8 orc priests
  2 gnoll boudas
  A jelly (D:5)
  2 sleepcaps (D:6)
  Jessica (D:2)
  Ijyb (D:4)
  4 iguanas
  9 orc wizards
  A hound skeleton (D:2)
  17 gnolls
  2 adders (D:5)
  2 white imps
  3 ufetubi
  An adder skeleton (D:2)
  A dart slug (D:3)
  36 orcs
  7 ball pythons
  11 endoplasms
  3 giant cockroaches
  7 goblins
  5 hobgoblins
  10 jackals
  16 kobolds
  2 quokkas (D:2)
  A ball python zombie (D:2)
  2 bats
  4 frilled lizards
  A quokka skeleton (D:2)
  4 rats
358 creatures vanquished.

Vanquished Creatures (others)
  2 orcs (D:10)
2 creatures vanquished.

Grand Total: 360 creatures vanquished

Notes
Turn   | Place    | Note
-------+----------+-------------------------------------------
     0 | D:1      | qw the Gargoyle Fighter began the quest for the Orb.
     0 | D:1      | Reached XP level 1. HP: 14/14 MP: 1/1
     0 | D:1      | 0 ||| qw: Version: 0.2-a-102-gfc559e5
     0 | D:1      | 0 ||| qw: Game counter: 663
     0 | D:1      | 0 ||| qw: Always use a shield: true
     0 | D:1      | 0 ||| qw: God list: Okawaru
     0 | D:1      | 0 ||| qw: Allow faded altars: false
     0 | D:1      | 0 ||| qw: Do Orc after D:15 true
     0 | D:1      | 0 ||| qw: Do second Lair branch before Depths: true
     0 | D:1      | 0 ||| qw: Lair rune preference: random
     0 | D:1      | 0 ||| qw: Plans: Normal, Zot:1-4, Slime:5, God:TSO, Crypt,
                  | Tomb, Pan, Hells, Abyss, Win
     0 | D:1      | 0 ||| PLANNING D:1-11
   137 | D:1      | Reached skill level 2 in Axes
   236 | D:1      | Found a faded altar of an unknown god.
   412 | D:1      | Reached XP level 2. HP: 19/19 MP: 2/2
   913 | D:1      | 913 ||| READING 2 scrolls labelled FUERIZ MUENNA.
   917 | D:1      | 917 ||| READING scroll labelled SEMONYT MOCKA.
   918 | D:1      | 918 ||| READING 2 scrolls labelled FAONNA MABINEWK.
   919 | D:1      | 919 ||| DRINKING 2 puce potions.
  1036 | D:2      | 1036 ||| Stepping ~*~*~tactically~*~*~ (hiding).
  1045 | D:2      | Reached skill level 3 in Axes
  1049 | D:2      | Reached XP level 3. HP: 23/23 MP: 3/3
  1100 | D:2      | 1100 ||| DROPPING +0 club.
  1112 | D:2      | 1112 ||| Stepping ~*~*~tactically~*~*~ (stealth).
  1115 | D:2      | Noticed a scorpion
  1118 | D:2      | Killed a scorpion
  1119 | D:2      | Reached skill level 4 in Axes
  1119 | D:2      | Reached XP level 4. HP: 28/28 MP: 4/4
  1138 | D:2      | Reached XP level 5. HP: 32/32 MP: 5/5
  1399 | D:2      | Noticed Jessica
  1405 | D:2      | Killed Jessica
  1406 | D:2      | Reached skill level 5 in Axes
  1748 | D:2      | 1748 ||| UPGRADING to +0 chain mail.
  1758 | D:2      | 1758 ||| DROPPING +0 scale mail.
  1759 | D:2      | 1759 ||| READING scroll labelled LUYGAN ROAQ.
  1760 | D:2      | 1760 ||| READING scroll labelled NUCONEZ LYNEZOGEAT.
  1761 | D:2      | 1761 ||| READING 3 scrolls of identify.
  1761 | D:2      | 1761 ||| IDENTIFYING inky potion
  1762 | D:2      | 1762 ||| READING 2 scrolls of identify.
  1762 | D:2      | 1762 ||| IDENTIFYING green potion
  1763 | D:2      | 1763 ||| DROPPING potion of flight.
  1764 | D:2      | 1764 ||| DROPPING potion of brilliance.
  1877 | D:3      | Found a basalt altar of Yredelemnul.
  1952 | D:3      | HP: 6/33 [gnoll bouda/+0 whip (6)]
  1953 | D:3      | 1953 ||| READING 2 scrolls of teleportation.
  1958 | D:3      | 1958 ||| READING scroll of teleportation.
  2122 | D:3      | 2122 ||| DROPPING +2 heavy hand axe.
  2157 | D:3      | 2157 ||| Stepping ~*~*~tactically~*~*~ (stealth).
  2160 | D:3      | 2160 ||| Stepping ~*~*~tactically~*~*~ (hiding).
  2746 | D:3      | Reached XP level 6. HP: 38/38 MP: 6/6
  2998 | D:3      | 2998 ||| FLEEEEING.
  3004 | D:3      | 3004 ||| Stepping ~*~*~tactically~*~*~ (hiding).
  3148 | D:3      | 3148 ||| READING scroll labelled ECSAJ AGUI.
  3149 | D:3      | 3149 ||| READING scroll labelled LURI YKIUTRUHORO.
  3150 | D:3      | 3150 ||| READING scroll labelled VIVIUL VINE.
  3151 | D:3      | 3151 ||| READING 2 scrolls labelled EGYACUCENI.
  3152 | D:3      | 3152 ||| READING 3 scrolls of identify.
  3152 | D:3      | 3152 ||| IDENTIFYING fuming blue potion
  3153 | D:3      | 3153 ||| READING 2 scrolls of identify.
  3153 | D:3      | 3153 ||| IDENTIFYING pink potion
  3154 | D:3      | 3154 ||| DROPPING potion of ambrosia.
  3155 | D:3      | 3155 ||| DROPPING scroll of amnesia.
  3312 | D:4      | Noticed Ijyb
  3320 | D:4      | Killed Ijyb
  3495 | D:4      | Reached skill level 6 in Axes
  3498 | D:4      | Reached skill level 1 in Dodging
  3498 | D:4      | Reached XP level 7. HP: 11/43 MP: 7/7
  4078 | D:4      | 4078 ||| UPGRADING to ring of protection from fire.
  4079 | D:4      | 4079 ||| READING scroll labelled EGGYAL GEAT.
  4109 | D:5      | Entered Level 5 of the Dungeon
  4257 | D:5      | Reached skill level 7 in Axes
  4277 | D:5      | HP: 9/44 [something/puff of flame (4)]
  4414 | D:5      | Noticed Prince Ribbit
  4415 | D:5      | 4415 ||| Stepping ~*~*~tactically~*~*~ (hiding).
  4416 | D:5      | 4416 ||| Stepping ~*~*~tactically~*~*~ (hiding).
  4419 | D:5      | Reached XP level 8. HP: 49/49 MP: 8/8
  4428 | D:5      | HP: 9/49 [orc priest/divine providence (10)]
  4428 | D:5      | HP: 4/49 [Prince Ribbit (5)]
  4429 | D:5      | 4429 ||| READING 2 scrolls of teleportation.
  4789 | D:5      | Reached skill level 1 in Throwing
  4885 | D:5      | 4885 ||| DROPPING +0 flail of protection.
  4940 | D:5      | 4940 ||| Stepping ~*~*~tactically~*~*~ (stealth).
  4948 | D:5      | Killed Prince Ribbit
  4949 | D:5      | Reached skill level 8 in Axes
  5326 | D:5      | 5326 ||| Stepping ~*~*~tactically~*~*~ (hiding).
  5334 | D:5      | 5334 ||| Stepping ~*~*~tactically~*~*~ (stealth).
  5357 | D:5      | Reached skill level 6 in Fighting
  5517 | D:5      | 5517 ||| READING scroll labelled TAPSEIBRIE.
  5518 | D:5      | 5518 ||| READING scroll labelled NAUJOH BIQAOC.
  5518 | D:5      | Identified a scroll of acquirement
  5518 | D:5      | 5518 ||| ACQUIRING +3 pair of mountain boots {steadfast,
                  | rC+}
  5518 | D:5      | Acquired the +3 pair of mountain boots {steadfast, rC+}
  5518 | D:5      | Found the +3 pair of mountain boots {steadfast, rC+}
  5520 | D:5      | 5520 ||| UPGRADING to +3 pair of mountain boots {steadfast,
                  | rC+}.
  5525 | D:5      | 5525 ||| READING 2 scrolls of identify.
  5525 | D:5      | 5525 ||| IDENTIFYING silvery potion
  5591 | D:6      | Reached XP level 9. HP: 51/55 MP: 9/9
  5599 | D:6      | 5599 ||| Stepping ~*~*~tactically~*~*~ (stealth).
  5727 | D:6      | Found Logroz's Distillery.
  5727 | D:6      | Noticed Blork the orc
  5728 | D:6      | 5728 ||| Stepping ~*~*~tactically~*~*~ (hiding).
  5736 | D:6      | Reached skill level 9 in Axes
  5736 | D:6      | 5736 ||| FLEEEEING.
  5737 | D:6      | 5737 ||| FLEEEEING.
  5738 | D:6      | 5738 ||| FLEEEEING.
  5739 | D:6      | 5739 ||| FLEEEEING.
  5740 | D:6      | 5740 ||| FLEEEEING.
  5741 | D:6      | 5741 ||| FLEEEEING.
  5750 | D:6      | 5750 ||| FLEEEEING.
  5751 | D:6      | 5751 ||| STAIRDANCE
  5794 | D:5      | 5794 ||| UPGRADING to +0 cloak.
  5799 | D:5      | 5799 ||| UPGRADING to +6 ring of dexterity.
  5802 | D:6      | 5802 ||| Stepping ~*~*~tactically~*~*~ (hiding).
  5809 | D:6      | 5809 ||| STAIRDANCE
  5811 | D:5      | Killed Blork the orc
  5847 | D:6      | Found Dyelam's Armour Boutique.
  5848 | D:6      | Found Jopih's Jewellery Shoppe.
  5848 | D:6      | Found Vyran's Armour Emporium.
  5850 | D:6      | 5850 ||| BUYING 2 potions of lignification (78 gold).
  5850 | D:6      | Bought 2 potions of lignification for 78 gold pieces
  5850 | D:6      | 5850 ||| BUYING potion of curing (39 gold).
  5850 | D:6      | Bought a potion of curing for 39 gold pieces
  5850 | D:6      | 5850 ||| BUYING potion of heal wounds (65 gold).
  5850 | D:6      | Bought a potion of heal wounds for 65 gold pieces
  5850 | D:6      | 5850 ||| BUYING potion of heal wounds (65 gold).
  5850 | D:6      | Bought a potion of heal wounds for 65 gold pieces
  5850 | D:6      | 5850 ||| BUYING potion of lignification (39 gold).
  5850 | D:6      | Bought a potion of lignification for 39 gold pieces
  5850 | D:6      | 5850 ||| SHOPLISTING potion of resistance (130 gold, have
                  | 27).
  5851 | D:6      | Found Qonleh's Distillery.
  5856 | D:6      | 5856 ||| SHOPLISTING +0 helmet (63 gold, have 27).
  5856 | D:6      | 5856 ||| SHOPLISTING +0 helmet of intelligence (161 gold,
                  | have 27).
  5856 | D:6      | 5856 ||| SHOPLISTING +3 leather armour "Mahareor" {rN+++
                  | rCorr Str-5 SInv} (620 gold, have 27).
  5856 | D:6      | 5856 ||| SHOPLISTING +3 scale mail "Sunnuinu" {Regen+ rCorr
                  | Str+3} (530 gold, have 27).
  5865 | D:6      | 5865 ||| SHOPLISTING potion of curing (33 gold, have 27).
  5865 | D:6      | 5865 ||| SHOPLISTING potion of lignification (33 gold, have
                  | 27).
  5865 | D:6      | 5865 ||| SHOPLISTING potion of might (44 gold, have 27).
  5865 | D:6      | 5865 ||| SHOPLISTING potion of mutation (88 gold, have 27).
  5871 | D:6      | 5871 ||| SHOPLISTING +4 ring of protection (468 gold, have
                  | 27).
  5871 | D:6      | 5871 ||| SHOPLISTING +6 ring of strength (468 gold, have
                  | 27).
  5871 | D:6      | 5871 ||| SHOPLISTING amulet of faith (520 gold, have 27).
  5871 | D:6      | 5871 ||| SHOPLISTING amulet of regeneration (390 gold, have
                  | 27).
  5871 | D:6      | 5871 ||| SHOPLISTING amulet of the acrobat (390 gold, have
                  | 27).
  5877 | D:6      | 5877 ||| SHOPLISTING +0 helmet (63 gold, have 27).
  5877 | D:6      | 5877 ||| SHOPLISTING +0 plate armour (322 gold, have 27).
  5877 | D:6      | 5877 ||| SHOPLISTING quicksilver dragon scales (840 gold,
                  | have 27).
  5898 | D:6      | 5898 ||| Stepping ~*~*~tactically~*~*~ (stealth).
  5900 | D:6      | 5900 ||| Stepping ~*~*~tactically~*~*~ (stealth).
  5942 | D:6      | 5942 ||| READING scroll of enchant weapon.
  5942 | D:6      | 5942 ||| ENCHANTING +1 war axe of draining.
  5975 | D:6      | 5975 ||| Stepping ~*~*~tactically~*~*~ (stealth).
  5977 | D:6      | 5977 ||| Stepping ~*~*~tactically~*~*~ (stealth).
  5980 | D:6      | 5980 ||| Stepping ~*~*~tactically~*~*~ (stealth).
  5982 | D:6      | 5982 ||| Stepping ~*~*~tactically~*~*~ (stealth).
  5984 | D:6      | 5984 ||| Stepping ~*~*~tactically~*~*~ (hiding).
  6007 | D:6      | 6007 ||| Stepping ~*~*~tactically~*~*~ (stealth).
  6008 | D:6      | 6008 ||| Stepping ~*~*~tactically~*~*~ (stealth).
  6011 | D:6      | 6011 ||| Stepping ~*~*~tactically~*~*~ (stealth).
  6014 | D:6      | 6014 ||| Stepping ~*~*~tactically~*~*~ (stealth).
  6023 | D:6      | 6023 ||| Stepping ~*~*~tactically~*~*~ (stealth).
  6026 | D:6      | 6026 ||| Stepping ~*~*~tactically~*~*~ (stealth).
  6154 | D:6      | Found a runed translucent door.
  6158 | D:6      | Noticed qw's ghost (novice GrFi)
  6170 | D:6      | 6170 ||| READING scroll of enchant weapon.
  6170 | D:6      | 6170 ||| ENCHANTING +2 war axe of draining.
  6316 | D:6      | Found a runed translucent door.
  6537 | D:7      | Found a sacrificial altar of Ru.
  6579 | D:7      | Found an iron altar of Okawaru.
  6580 | D:7      | 6580 ||| PLANNING OKAWARU WORSHIP
  6586 | D:7      | 6586 ||| UPGRADING to +4 ring of protection.
  6588 | D:7      | 6588 ||| UPGRADING to +6 ring of strength.
  6590 | D:7      | 6590 ||| DROPPING +6 ring of dexterity.
  6598 | D:7      | Became a worshipper of Warmaster Okawaru
  6598 | D:7      | 6598 ||| PLANNING D:1-11
  6740 | D:7      | 6740 ||| READING 3 scrolls of identify.
  6740 | D:7      | 6740 ||| IDENTIFYING viscous orange potion
  6741 | D:7      | 6741 ||| READING 2 scrolls of identify.
  6741 | D:7      | 6741 ||| IDENTIFYING amethyst potion
  6742 | D:7      | 6742 ||| DROPPING potion of berserk rage.
  6825 | D:7      | Found a blossoming altar of Fedhas.
  6827 | D:7      | Found Cehuothu's Magic Scroll Emporium.
  6830 | D:7      | 6830 ||| SHOPLISTING scroll of enchant armour (120 gold,
                  | have 56).
  6830 | D:7      | 6830 ||| SHOPLISTING scroll of enchant weapon (120 gold,
                  | have 56).
  6830 | D:7      | 6830 ||| BUYING scroll of identify (32 gold).
  6830 | D:7      | Bought a scroll of identify for 32 gold pieces
  6830 | D:7      | 6830 ||| SHOPLISTING scroll of identify (32 gold, have 24).
  6830 | D:7      | 6830 ||| SHOPLISTING scroll of teleportation (48 gold, have
                  | 24).
  6869 | D:7      | Reached skill level 10 in Axes
  6881 | D:7      | 6881 ||| Stepping ~*~*~tactically~*~*~ (stealth).
  6885 | D:7      | 6885 ||| Stepping ~*~*~tactically~*~*~ (stealth).
  6955 | D:7      | 6955 ||| Stepping ~*~*~tactically~*~*~ (stealth).
  6964 | D:7      | 6964 ||| Stepping ~*~*~tactically~*~*~ (stealth).
  6965 | D:7      | 6965 ||| Stepping ~*~*~tactically~*~*~ (stealth).
  6966 | D:7      | 6966 ||| Stepping ~*~*~tactically~*~*~ (stealth).
  6967 | D:7      | Reached * piety under Okawaru
  6978 | D:7      | 6978 ||| INVOKING Heroism.
  6984 | D:7      | Reached XP level 10. HP: 61/64 MP: 7/10
  7010 | D:7      | 7010 ||| Stepping ~*~*~tactically~*~*~ (hiding).
  7013 | D:7      | 7013 ||| Stepping ~*~*~tactically~*~*~ (hiding).
  7014 | D:7      | 7014 ||| Stepping ~*~*~tactically~*~*~ (hiding).
  7016 | D:7      | 7016 ||| Stepping ~*~*~tactically~*~*~ (hiding).
  7038 | D:7      | 7038 ||| Stepping ~*~*~tactically~*~*~ (stealth).
  7090 | D:7      | Reached skill level 1 in Invocations
  7480 | D:7      | Found a bloodstained altar of Trog.
  7701 | D:7      | Found a staircase to the Ecumenical Temple.
  7709 | D:7      | 7709 ||| UPGRADING to +0 kite shield.
  7719 | D:7      | 7719 ||| DROPPING +0 buckler.
  7720 | D:7      | 7720 ||| READING 2 scrolls of identify.
  7720 | D:7      | 7720 ||| IDENTIFYING coppery potion
  7744 | D:8      | 7744 ||| STAIRDANCE
  7748 | D:7      | Reached skill level 3 in Invocations
  7811 | D:8      | 7811 ||| STAIRDANCE
  7849 | D:8      | 7849 ||| INVOKING Heroism.
  7904 | D:8      | 7904 ||| FLEEEEING.
  7915 | D:8      | 7915 ||| FLEEEEING.
  7946 | D:8      | 7946 ||| Stepping ~*~*~tactically~*~*~ (hiding).
  7947 | D:8      | 7947 ||| Stepping ~*~*~tactically~*~*~ (hiding).
  7959 | D:8      | 7959 ||| INVOKING Heroism.
  7961 | D:8      | Reached skill level 6 in Shields
  8111 | D:8      | 8111 ||| FLEEEEING.
  8112 | D:8      | 8112 ||| FLEEEEING.
  8113 | D:8      | 8113 ||| FLEEEEING.
  8114 | D:8      | 8114 ||| FLEEEEING.
  8115 | D:8      | 8115 ||| FLEEEEING.
  8116 | D:8      | 8116 ||| FLEEEEING.
  8117 | D:8      | 8117 ||| FLEEEEING.
  8118 | D:8      | 8118 ||| FLEEEEING.
  8119 | D:8      | 8119 ||| FLEEEEING.
  8120 | D:8      | 8120 ||| FLEEEEING.
  8121 | D:8      | 8121 ||| FLEEEEING.
  8122 | D:8      | 8122 ||| FLEEEEING.
  8123 | D:8      | 8123 ||| FLEEEEING.
  8124 | D:8      | 8124 ||| FLEEEEING.
  8125 | D:8      | 8125 ||| FLEEEEING.
  8126 | D:8      | 8126 ||| FLEEEEING.
  8127 | D:8      | 8127 ||| FLEEEEING.
  8128 | D:8      | 8128 ||| FLEEEEING.
  8129 | D:8      | 8129 ||| FLEEEEING.
  8130 | D:8      | 8130 ||| FLEEEEING.
  8131 | D:8      | 8131 ||| FLEEEEING.
  8132 | D:8      | 8132 ||| FLEEEEING.
  8133 | D:8      | 8133 ||| FLEEEEING.
  8134 | D:8      | 8134 ||| STAIRDANCE
  8236 | D:7      | 8236 ||| DROPPING ring of flight.
  8241 | D:8      | 8241 ||| STAIRDANCE
  8249 | D:7      | Reached ** piety under Okawaru
  8278 | D:8      | 8278 ||| STAIRDANCE
  8670 | D:8      | Identified the +2 leather armour "Azur" {Harm}
  8700 | D:8      | 8700 ||| UPGRADING to +4 ring of protection.
  8702 | D:8      | 8702 ||| DROPPING +6 ring of strength.
  8703 | D:8      | 8703 ||| READING 2 scrolls of identify.
  8703 | D:8      | 8703 ||| IDENTIFYING fuming sapphire potion
  8748 | D:9      | Noticed a two-headed ogre
  8749 | D:9      | 8749 ||| INVOKING Heroism.
  8760 | D:9      | Killed a two-headed ogre
  8761 | D:9      | Reached skill level 9 in Shields
  8771 | D:9      | Reached XP level 11. HP: 47/68 MP: 14/14
  8775 | D:9      | HP: 9/68 [orc warrior/+0 glaive (11)]
  8776 | D:9      | 8776 ||| READING 4 scrolls of teleportation.
  8777 | D:9      | 8777 ||| DRINKING 3 potions of heal wounds.
  8786 | D:9      | 8786 ||| INVOKING Heroism.
  8801 | D:9      | Reached *** piety under Okawaru
  8839 | D:9      | 8839 ||| Stepping ~*~*~tactically~*~*~ (stealth).
  8840 | D:9      | 8840 ||| INVOKING Heroism.
  9000 | D:9      | 9000 ||| INVOKING Heroism.
  9012 | D:9      | HP: 17/68 [orc priest/divine providence (13)]
  9013 | D:9      | 9013 ||| READING 3 scrolls of teleportation.
  9014 | D:9      | 9014 ||| DRINKING 2 potions of heal wounds.
  9015 | D:9      | 9015 ||| INVOKING Heroism.
  9133 | D:9      | Noticed a two-headed ogre
  9134 | D:9      | 9134 ||| INVOKING Heroism.
  9141 | D:9      | Killed a two-headed ogre
  9142 | D:9      | Reached skill level 11 in Axes
  9180 | D:9      | Found a broken altar of Ashenzari.
  9188 | D:9      | 9188 ||| READING scroll labelled YCUSKU NECH.
  9260 | D:9      | 9260 ||| FLEEEEING.
  9261 | D:9      | 9261 ||| FLEEEEING.
  9262 | D:9      | 9262 ||| FLEEEEING.
  9263 | D:9      | 9263 ||| FLEEEEING.
  9264 | D:9      | 9264 ||| FLEEEEING.
  9265 | D:9      | 9265 ||| FLEEEEING.
  9266 | D:9      | 9266 ||| FLEEEEING.
  9267 | D:9      | 9267 ||| FLEEEEING.
  9268 | D:9      | 9268 ||| FLEEEEING.
  9269 | D:9      | 9269 ||| FLEEEEING.
  9270 | D:9      | 9270 ||| FLEEEEING.
  9271 | D:9      | 9271 ||| FLEEEEING.
  9272 | D:9      | 9272 ||| FLEEEEING.
  9273 | D:9      | 9273 ||| FLEEEEING.
  9274 | D:9      | 9274 ||| FLEEEEING.
  9275 | D:9      | 9275 ||| FLEEEEING.
  9276 | D:9      | 9276 ||| FLEEEEING.
  9361 | D:9      | 9361 ||| Stepping ~*~*~tactically~*~*~ (stealth).
  9704 | D:10     | Entered Level 10 of the Dungeon
  9772 | D:10     | 9772 ||| INVOKING Heroism.
  9775 | D:10     | Reached skill level 6 in Armour
  9790 | D:10     | 9790 ||| Stepping ~*~*~tactically~*~*~ (stealth).
  9794 | D:10     | 9794 ||| Stepping ~*~*~tactically~*~*~ (stealth).
  9795 | D:10     | 9795 ||| Stepping ~*~*~tactically~*~*~ (stealth).
  9798 | D:10     | 9798 ||| Stepping ~*~*~tactically~*~*~ (stealth).
  9874 | D:10     | 9874 ||| INVOKING Heroism.
  9900 | D:10     | 9900 ||| INVOKING Heroism.
  9933 | D:10     | 9933 ||| INVOKING Heroism.
  9946 | D:10     | Reached **** piety under Okawaru
  9947 | D:10     | Reached skill level 9 in Fighting
  9966 | D:10     | Found a staircase to the Lair.
 10105 | D:10     | 10105 ||| DRINKING 5 potions of curing.
 10105 | D:10     | 10105 ||| (to cure confusion)
 10111 | D:10     | 10111 ||| DRINKING 4 potions of curing.
 10111 | D:10     | 10111 ||| (to cure confusion)
 10132 | D:10     | 10132 ||| INVOKING Heroism.
 10157 | D:10     | Found an ornate altar of the Wu Jian Council.
 10327 | D:10     | Found a shimmering blue altar of Sif Muna.
 10393 | D:10     | Found a glowing silver altar of Zin.
 10516 | D:10     | 10516 ||| PLANNING LAIR
 10516 | D:10     | 10516 ||| UPGRADING to +0 plate armour.
 10526 | D:10     | 10526 ||| DROPPING +0 chain mail.
 10527 | D:10     | 10527 ||| UPGRADING to +5 ring of evasion.
 10529 | D:10     | 10529 ||| DROPPING +4 ring of protection.
 10617 | Lair:1   | Entered Level 1 of the Lair of Beasts
 10630 | Lair:1   | 10630 ||| Stepping ~*~*~tactically~*~*~ (hiding).
 10632 | Lair:1   | 10632 ||| Stepping ~*~*~tactically~*~*~ (hiding).
 10636 | Lair:1   | 10636 ||| INVOKING Heroism.
 10661 | Lair:1   | 10661 ||| READING scroll of enchant weapon.
 10661 | Lair:1   | 10661 ||| ENCHANTING +3 war axe of draining.
 10662 | Lair:1   | 10662 ||| DROPPING +0 heavy war axe.
 10808 | Lair:1   | Reached skill level 6 in Invocations
 10813 | Lair:1   | 10813 ||| Stepping ~*~*~tactically~*~*~ (stealth).
 10814 | Lair:1   | 10814 ||| Stepping ~*~*~tactically~*~*~ (stealth).
 10815 | Lair:1   | 10815 ||| Stepping ~*~*~tactically~*~*~ (stealth).
 10819 | Lair:1   | Reached XP level 12. HP: 76/76 MP: 16/16
 10870 | Lair:1   | 10870 ||| INVOKING Heroism.
 11054 | Lair:1   | 11054 ||| READING scroll of brand weapon.
 11054 | Lair:1   | 11054 ||| BRANDING +4 war axe of draining.
 11396 | Lair:1   | 11396 ||| READING scroll labelled SACAUCED BIZINN.
 11479 | Lair:2   | Noticed a skyshark
 11485 | Lair:2   | 11485 ||| INVOKING Heroism.
 11488 | Lair:2   | Killed a skyshark
 11627 | Lair:2   | 11627 ||| INVOKING Heroism.
 11757 | Lair:2   | 11757 ||| INVOKING Heroism.
 11959 | Lair:2   | 11959 ||| Stepping ~*~*~tactically~*~*~ (stealth).
 11970 | Lair:2   | Reached ***** piety under Okawaru
 11995 | Lair:2   | 11995 ||| INVOKING Heroism.
 12140 | Lair:2   | Reached skill level 12 in Axes
 12248 | Lair:2   | Noticed a five-headed hydra
 12249 | Lair:2   | 12249 ||| INVOKING Heroism.
 12250 | Lair:2   | 12250 ||| INVOKING Finesse.
 12255 | Lair:2   | 12255 ||| SWAPPING to +0 morningstar.
 12261 | Lair:2   | Killed a five-headed hydra
 12262 | Lair:2   | Reached skill level 9 in Invocations
 12262 | Lair:2   | 12262 ||| SWAPPING to +4 heavy war axe.
 12589 | Lair:2   | 12589 ||| READING scroll labelled YRELYM MIFUAXA.
 12590 | Lair:2   | 12590 ||| READING 6 scrolls of identify.
 12590 | Lair:2   | 12590 ||| IDENTIFYING purple potion
 12591 | Lair:2   | 12591 ||| DROPPING potion of degeneration.
 12617 | Lair:3   | 12617 ||| INVOKING Heroism.
 12765 | Lair:3   | 12765 ||| INVOKING Heroism.
 12813 | Lair:3   | 12813 ||| READING scroll of enchant weapon.
 12813 | Lair:3   | 12813 ||| ENCHANTING +4 heavy war axe.
 12886 | Lair:3   | 12886 ||| INVOKING Heroism.
 12889 | Lair:3   | Reached skill level 9 in Armour
 12900 | Lair:3   | Noticed a seven-headed hydra
 12907 | Lair:3   | 12907 ||| SWAPPING to +0 morningstar.
 12909 | Lair:3   | 12909 ||| STAIRDANCE
 12916 | Lair:2   | HP: 12/76 [seven-headed hydra (11)]
 12917 | Lair:2   | 12917 ||| READING 4 scrolls of teleportation.
 12918 | Lair:2   | 12918 ||| DRINKING potion of heal wounds.
 12919 | Lair:2   | Killed a seven-headed hydra
 12920 | Lair:2   | Reached XP level 13. HP: 21/80 MP: 20/20
 12920 | Lair:2   | 12920 ||| SWAPPING to +5 heavy war axe.
 13140 | Lair:3   | Noticed Gastronok
 13141 | Lair:3   | 13141 ||| INVOKING Heroism.
 13159 | Lair:3   | Killed Gastronok
 13409 | Lair:3   | Found a hole to the Spider Nest.
 13617 | Lair:3   | Found a staircase to the Shoals.
 13750 | Lair:4   | Noticed Urug
 13751 | Lair:4   | 13751 ||| INVOKING Heroism.
 13752 | Lair:4   | 13752 ||| INVOKING Finesse.
 13758 | Lair:4   | Killed Urug
 13803 | Lair:4   | 13803 ||| Stepping ~*~*~tactically~*~*~ (stealth).
 13805 | Lair:4   | 13805 ||| INVOKING Heroism.
 13860 | Lair:4   | 13860 ||| Stepping ~*~*~tactically~*~*~ (hiding).
 13867 | Lair:4   | 13867 ||| INVOKING Heroism.
 13872 | Lair:4   | 13872 ||| SWAPPING to +0 morningstar.
 13879 | Lair:4   | Reached skill level 3 in Throwing
 13890 | Lair:4   | Noticed Nessos
 13891 | Lair:4   | 13891 ||| SWAPPING to +5 heavy war axe.
 13898 | Lair:4   | 13898 ||| DRINKING 4 potions of curing.
 13898 | Lair:4   | 13898 ||| (to cure confusion)
 13900 | Lair:4   | HP: 9/82 [komodo dragon (17)]
 13901 | Lair:4   | 13901 ||| READING 3 scrolls of teleportation.
 13904 | Lair:4   | Noticed Josephine
 13905 | Lair:4   | 13905 ||| READING 2 scrolls of teleportation.
 13906 | Lair:4   | HP: 5/82 [wraith[Josephine] (6)]
 13906 | Lair:4   | Slain by a wraith

Levels and vault maps discovered:
D:1:      saegor_arrival_under_anarchy, layout_loops_corners,
          ebering_ecumenical_altar_petrified
D:2:      layout_loops_cross, serial_undead, serial_undead_f, serial_undead_c,
          serial_undead_d, serial_undead_a, serial_undead_c, uniq_jessica
D:3:      minmay_inner_zag, layout_basic, mainiacjoe_overflow_alcove_2
D:4:      layout_basic, uniq_ijyb
D:5:      layout_basic, grunt_ministairs_13, uniq_prince_ribbit1
D:6:      layout_loops_ring, ebering_ghost_sewer_f, grunt_ministairs_3,
          st_stairs_10, nicolae_concentric_dashed_squares_mild,
          nicolae_shop_national_dungeon_mall, minmay_unpleasant_kobolds,
          uniq_blork_the_orc
D:7:      nicolae_cairo_tiling, layout_basic, okawaru_altar_gauntlet_db,
          trog_book, mainiacjoe_overflow_boulevard, fedhas_altar_2,
          minmay_temple_entry_poolview, serial_shops, kennysheep_mini,
          minmay_fractal_squares_gapless_5
D:8:      layout_cave_pools, kennysheep_boxes
D:9:      layout_small_grid, nicolae_ashenzari_skybound
D:10:     layout_gridville, lemuel_round_altar,
          nicolae_wu_jian_immortal_techniques, mainiacjoe_overflow_alcove_4,
          erik_lair_dragon
Lair:1:   layout_regular_city
Lair:2:   layout_small_grid
Lair:3:   layout_long_grid, elwin_shoals_entry_rooms,
          spider_nest_entry_web_field, grunt_megastairs_3, uniq_gastronok
Lair:4:   layout_hall_layers, nzn_random_ring, lemuel_fruit_tree, uniq_nessos,
          uniq_urug, uniq_snorg, uniq_josephine

Skill      XL: |  1  2  3  4  5  6  7  8  9 10 11 12 13 |
---------------+----------------------------------------+-----
Axes           | 2 3 4 5 6 7 8 10 11 12 | 12.9
Fighting       | 4 5 6 7 8 9 10 | 10.0
Dodging        | 1 2 |  2.1
Throwing       | 1 3 |  3.0
Armour         | 4 5 7 9 |  9.0
Shields        | 4 9 10 | 10.8
Invocations    | 4 6 10 | 10.0

Action                     |  1- 3 |  4- 6 |  7- 9 | 10-12 | 13-15 || total
---------------------------+-------+-------+-------+-------+-------++-------
  Melee: War axe           |    56 |   148 |   270 |   427 |    69 ||   970
         Morningstar       |       |       |       |    14 |    18 ||    32
  Throw: Boomerang         |       |       |    44 |   112 |    12 ||   168
         Javelin           |       |       |       |       |     6 ||     6
 Invoke: Heroism           |       |       |     1 |    23 |     4 ||    28
         Finesse           |       |       |       |     1 |     1 ||     2
    Use: Scroll            |     3 |    12 |     9 |    12 |     2 ||    38
         Potion            |     1 |       |       |     5 |     1 ||     7
   Stab: Confused          |       |       |       |     1 |       ||     1
 Armour: Scale mail        |    26 |    16 |       |       |       ||    42
         Chain mail        |       |    49 |   155 |   160 |       ||   364
         Plate armour      |       |       |       |   131 |    69 ||   200
  Dodge: Dodged            |    18 |    57 |    95 |   197 |    40 ||   407
  Block: Buckler           |    10 |    23 |    51 |     2 |       ||    86
         Kite shield       |       |       |       |   241 |    65 ||   306

Table legend:
 A = Non-vault XP
 B = Vault XP
 C = Vault XP percentage of total XP
 D = Non-vault monster count
 E = Vault monster count
 F = Vault count percentage of total count
                 A         B        C        D         E       F
            +---------+---------+-------+---------+---------+-------
      Total |   35133 |    6608 |  15.8 |     308 |      51 |  14.2
            +---------+---------+-------+---------+---------+-------
        D:1 |      20 |       0 |   0.0 |      14 |       0 |   0.0
        D:2 |     159 |      64 |  28.7 |      22 |       5 |  18.5
        D:3 |     137 |       9 |   6.2 |      20 |       4 |  16.7
        D:4 |     309 |      36 |  10.4 |      17 |       1 |   5.6
        D:5 |    1091 |     481 |  30.6 |      26 |       7 |  21.2
        D:6 |     800 |     521 |  39.4 |      16 |      10 |  38.5
        D:7 |    3228 |     318 |   9.0 |      33 |      10 |  23.3
        D:8 |     969 |       0 |   0.0 |      22 |       0 |   0.0
        D:9 |    3667 |       0 |   0.0 |      30 |       0 |   0.0
       D:10 |    3300 |    1255 |  27.6 |      25 |       5 |  16.7
     Lair:1 |    4234 |       0 |   0.0 |      24 |       0 |   0.0
     Lair:2 |    7687 |       0 |   0.0 |      24 |       0 |   0.0
     Lair:3 |    5619 |    3124 |  35.7 |      23 |       8 |  25.8
     Lair:4 |    3913 |     800 |  17.0 |      12 |       1 |   7.7
            +---------+---------+-------+---------+---------+-------
